 Dungeon Crawl Stone Soup version 0.21.1-1-g345015fe64 (webtiles) character file.

772110 Peloso the Minotaur Barricade (level 27, 0/281 HPs)
             Began as a Minotaur Fighter on Mar 25, 2018.
             Was the Champion of Okawaru.
             Killed by divine providence
             ... invoked by a greater mummy
              (7 damage)
             ... on level 1 of the Tomb of the Ancients.
             The game lasted 06:08:28 (103828 turns).

Peloso the Minotaur Barricade (Minotaur Fighter)  Turns: 103828, Time: 06:08:28

Health: 0/281      AC: 48    Str: 44      XL:     27
Magic:  0/27       EV: 29    Int:  3 (5)  God:    Okawaru [******]
Gold:   10839      SH: 15    Dex: 21      Spells: 26/26 levels left

rFire    + + .     SeeInvis +   d - +7 double sword of Cheibriados's Approval {freeze, MR+ Str+2}
rCold    + + .     Gourm    .   c - +3 buckler of the Onion {rC+ Str+5}
rNeg     + + +     Faith    .   k - +14 plate armour "Typhes" {rF++ rC+}
rPois    +         Spirit   +   D - +0 hat of Democracy {rN+ Slay+5}
rElec    +         Reflect  .   L - +2 cloak {MR+}
rCorr    .         Harm     .   j - +2 pair of gloves {archery}
MR       +++++     Rnd*Rage +   l - +1 pair of boots {Fly}
Stlth    +.........             W - amulet "Ycairhetz" {Spirit rN+ Str+6 Dex+4}
HPRegen  0.00/turn              O - ring of Ebuqoovu {rElec rN+ MR+}
MPRegen  0.20/turn              Y - ring "Mowil" {*Drain rPois rN+ Dex+4 Stlth+}

@: berserk cooldown, flying, very slightly contaminated, slowed, very slow
A: retaliatory headbutt, horns 2, rugged brown scales 1, see invisible, berserk
1, inhibited regeneration, no potion heal 1, MP-powered wands
}: 4/15 runes: decaying, serpentine, slimy, silver
a: Heroism, Finesse, Renounce Religion, Stop Flying


You were on level 1 of the Tomb of the Ancients.
You worshipped Okawaru.
Okawaru was exalted by your worship.
You were near starving.

You visited 15 branches of the dungeon, and saw 62 of its levels.
You visited the Abyss 2 times.
You also visited: Labyrinth, Sewer, Ice Cave and Volcano.

You collected 12414 gold pieces.
You spent 1575 gold pieces at shops.

Inventory:

Hand Weapons
 d - the +7 double sword of Cheibriados's Approval (weapon) {freeze, MR+ Str+2}
   (You acquired it on level 1 of the Lair of Beasts)

   It has been specially enchanted to freeze those struck by it, causing extra
   injury to most foes and up to half again as much damage against particularly
   susceptible opponents.
   It can also slow down cold-blooded creatures.
   It affects your strength (+2).
   It affects your resistance to hostile enchantments.
 z - the +10 falchion "Ihoc" {pain, Int-3 Dex+2 SInv}
   (Okawaru gifted it to you on level 1 of the Realm of Zot)

   In the hands of one skilled in necromantic magic, it inflicts extra damage on
   living creatures.
   It affects your intelligence (-3).
   It affects your dexterity (+2).
   It lets you see invisible.
Armour
 c - the +3 buckler of the Onion (worn) {rC+ Str+5}
   (You found it on level 2 of the Depths)

   It affects your strength (+5).
   It protects you from cold.
 j - a +2 pair of gloves of archery (worn)
 k - the +14 plate armour "Typhes" (worn) {rF++ rC+}
   (Okawaru gifted it to you on level 2 of the Vaults)

   It greatly protects you from fire.
   It protects you from cold.
 l - a +1 pair of boots of flying (worn)
 D - the +0 hat of Democracy (worn) {rN+ Slay+5}
   (Okawaru gifted it to you on level 6 of the Lair of Beasts)

   It affects your accuracy and damage with ranged weapons and melee attacks
   (+5).
   It protects you from negative energy.
 L - a +2 cloak of magic resistance (worn)
 N - a +0 pair of boots of running
Jewellery
 F - a +6 amulet of reflection
 G - an uncursed ring of resist corrosion
 O - the ring of Ebuqoovu (left hand) {rElec rN+ MR+}
   (You took it off a guardian mummy on level 3 of the Crypt)

   [ring of positive energy]

   It insulates you from electricity.
   It protects you from negative energy.
   It affects your resistance to hostile enchantments.
 W - the amulet "Ycairhetz" (around neck) {Spirit rN+ Str+6 Dex+4}
   (You bought it in a shop on level 3 of the Snake Pit)

   [amulet of guardian spirit]

   It causes incoming damage to be split between your health and magic.
   It affects your strength (+6).
   It affects your dexterity (+4).
   It protects you from negative energy.
 Y - the ring "Mowil" (right hand) {*Drain rPois rN+ Dex+4 Stlth+}
   (You found it on level 3 of the Crypt)

   [ring of positive energy]

   It affects your dexterity (+4).
   It protects you from poison.
   It protects you from negative energy.
   It causes draining when unequipped.
   It makes you more stealthy.
Wands
 R - a wand of digging (3)
 X - a wand of disintegration (9)
Scrolls
 e - 21 scrolls of teleportation
 m - 36 scrolls of identify
 n - 17 scrolls of remove curse
 s - 3 scrolls of magic mapping
 y - 3 scrolls of fear
Potions
 a - 10 potions of might
 h - 9 potions of agility
 i - 9 potions of mutation
 p - 5 potions of haste
 r - 2 potions of resistance
 w - a potion of curing
 I - a potion of berserk rage
Miscellaneous
 g - a phial of floods
 q - a fan of gales
 t - a fan of gales
 u - the horn of Geryon
 v - a fan of gales
 x - a fan of gales
 A - a fan of gales
 B - a crystal ball of energy
 C - a fan of gales
 E - a phial of floods
 K - a crystal ball of energy
 P - a fan of gales
 U - a crystal ball of energy
Comestibles
 f - 83 rations


   Skills:
 O Level 27 Fighting
 O Level 27 Long Blades
   Level 4.2(5.5) Axes
   Level 5.2(6.0) Polearms
 O Level 27 Armour
 + Level 23.5 Dodging
 + Level 9.7 Stealth
 O Level 27 Shields
 + Level 7.2 Invocations
 + Level 5.2 Evocations


You had 26 spell levels left.
You didn't know any spells.

Dungeon Overview and Level Annotations

Branches:
Dungeon (15/15)            Temple (1/1) D:4            Lair (6/6) D:10
  Swamp (4/4) Lair:2        Snake (4/4) Lair:3        Slime (5/5) Lair:5
    Orc (2/2) D:11            Elf (3/3) Orc:2        Vaults (5/5) D:13
  Crypt (3/3) Vaults:3       Tomb (2/3) Crypt:3      Depths (5/5) D:15
   Hell (1/1)                 Dis (1/7) Hell            Geh (0/7) Hell
    Coc (0/7) Hell            Tar (0/7) Hell            Zot (5/5) Depths:5

Altars:
Ashenzari
Cheibriados
Dithmenos
Elyvilon
Fedhas
Gozag
Hepliaklqana
Kikubaaqudgha
Makhleb
Nemelex Xobeh
Okawaru
Qazlal
Ru
Sif Muna
Trog
Uskayaw
Vehumet
Wu Jian
Xom
Yredelemnul
Zin
The Shining One
Jiyva

Shops:
D:11 (   Orc:2 ![(}=!?%   Elf:2 %   Snake:1 %=   Snake:3 =   Vaults:2 [
Vaults:4 =   Depths:2 }=}}   Depths:3 **(

Portals:
Hell: Depths:1 Depths:2 Depths:3 Depths:4 Depths:5
Abyss: Depths:2 Depths:4
Pandemonium: Orc:2 Depths:3
Ziggurat: Depths:5

Annotations:
Lair:2 exclusion: 2 oklob plants
Tomb:2 Boris


Innate Abilities, Weirdness & Mutations

You reflexively headbutt those who attack you in melee.
You have a pair of horns on your head.
You are partially covered in rugged brown scales. (AC +1, +3% HP)
You have supernaturally acute eyesight. (SInv)
You tend to lose your temper in combat.
You do not regenerate when monsters are visible.
Potions are less effective at restoring your health.
You expend magic power (3 MP) to strengthen your wands.


Message History

* * * LOW HITPOINT WARNING * * *
The bennu barely misses you. You furiously retaliate!
You headbutt the bennu! The bennu claws you but does no damage.
The bennu completely misses you.
You slash the bennu! You freeze the bennu. Your headbutt misses the bennu.
The bennu is moderately wounded.
The bennu completely misses you. You furiously retaliate!
You headbutt the bennu! You block the bennu's attack. x2
The revenant lashes out with ghostly flames.
The ghostly flame explodes!
The ghostly fireball engulfs the bennu.
The bennu completely resists.
The ghostly fireball engulfs you! You resist.
The ghostly fireball engulfs the revenant.
The revenant completely resists.
The bennu misses you. You furiously retaliate!
You headbutt the bennu, but do no damage.
The bennu claws you but does no damage. You block the bennu's attack.
The greater mummy calls on the powers of darkness!
The bennu convulses!
Your body is wracked with pain!
* * * LOW HITPOINT WARNING * * *
The greater mummy gestures at you while chanting.
Something smites you!
You die...

.................................
.................................
.................................
........8...8....................
.................................
#######.......##################.
#.8...8.##### * #. #.......##..#
, #. , #.......##@b# #.
#.8...8.####LM.... '** #. ,,
#.......# .M.... #. , , #.......#
,, .z... , #. * *#.8...8.# .%##.
#. #.......# .M , , #. , ,
*#.......# ..z , #. , '*
#.8...8.# ' #. *, #.......# , , ,
#.


You could see 2 greater mummies, a revenant, a bennu and a skeletal warrior.

Vanquished Creatures
  the Royal Jelly (Slime:5)
  8 ancient liches
  5 orbs of fire
  A juggernaut (Depths:4)
  The ghost of deadestbob the Slayer, a veteran HOFi of Yredelemnul (Zot:5)
  4 greater mummies
  Sojobo (Vaults:2)
  Frederick (Depths:3)
  Bai Suzhen (Vaults:3)
  Vashnia (Snake:4)
  Geryon (Hell)
  10 golden dragons
  5 curse toes
  2 caustic shrikes (Depths:5)
  9 Killer Klowns
  Jory (Vaults:3)
  4 bone dragons
  3 electric golems
  The ghost of asdpro the Slayer, an adept MiFi of the Shining One (Slime:1)
  22 tentacled monstrosities
  A shard shrike skeleton (Crypt:2)
  25 Orb Guardians (Zot:5)
  A quicksilver dragon (shapeshifter) (Depths:4)
  7 quicksilver dragons
  Asterion (Vaults:1)
  6 liches
  The ghost of maxonian the Corrupter of Planes, an adept FoAK of Lugonu (Swamp:3)
  3 titans
  2 deep elf blademasters (Elf:3)
  2 deep elf master archers (Elf:3)
  Murray (Hell)
  2 ancient champions
  5 death cobs
  A tentacled starspawn (Abyss:4)
  18 acid blobs
  Frances (D:13)
  10 shadow dragons
  2 tengu reavers (Vaults:2)
  Kirke (Snake:3)
  12 sphinxes
  4 thorn hunters
  11 storm dragons
  15 azure jellies
  5 draconian monks
  Roxanne (D:14)
  A revenant (Crypt:2)
  10 fire giants
  13 nagarajas
  2 ghost moths
  7 draconian knights
  6 frost giants
  2 draconian scorchers (Zot:2)
  A fire giant (shapeshifter) (Depths:4)
  21 vault wardens
  6 deep elf elementalists
  Aizul (Snake:3)
  A cacodemon (Depths:1)
  2 balrugs
  6 deep elf sorcerers
  A ghost moth (shapeshifter) (Depths:4)
  An orc warlord (Orc:2)
  4 ghouls
  4 draconian stormcallers
  4 iron dragons
  10 ironheart preservers
  3 curse skulls
  4 draconian shifters
  8 draconian annihilators
  10 reapers
  An entropy weaver (Vaults:1)
  22 very ugly things
  15 stone giants
  8 war gargoyles
  3 spriggan defenders
  11 green draconians
  11 black draconians
  5 vampire knights
  12 red draconians
  11 deep elf annihilators
  12 deep elf demonologists
  A dire elephant (shapeshifter) (Depths:4)
  12 yellow draconians
  2 dire elephants (Zot:1)
  12 purple draconians
  10 spark wasps
  10 white draconians
  Azrael (D:15)
  The ghost of felirx the Cleaver, a journeyman MiFi of Uskayaw (Orc:1)
  12 deep elf death magi
  5 eidola
  3 blizzard demons (Hell)
  15 crystal guardians
  A green death (Abyss:4)
  14 ettins
  A minotaur (Lab)
  13 mummy priests
  Josephine (D:15)
  16 yaktaur captains
  11 great orbs of eyes
  9 deep elf high priests
  15 jiangshi
  10 ogre magi
  4 death oozes (Slime:5)
  7 fire dragons
  17 ice dragons
  Fannar (Lair:3)
  5 rakshasas
  A spriggan air mage (Depths:3)
  37 hydras
  8 naga warriors
  34 vault guards
  8 death knights
  An anaconda (shapeshifter) (Vaults:5)
  A ghost crab (Swamp:1)
  10 centaur warriors
  2 deep troll shamans
  14 anacondas
  40 two-headed ogres
  38 dancing weapons
  14 death scarabs
  5 thrashing horrors
  8 vampire magi
  The ghost of BrokenGlass the Covert, a journeyman VSAs of Gozag (D:11)
  A titan zombie (Hell)
  12 alligators
  7 orc high priests (Orc:2)
  4 tengu warriors
  4 spriggan berserkers
  Urug (D:14)
  The ghost of error the Tainter, a journeyman OpVM of Hepliaklqana (D:11)
  14 large abominations
  17 deep troll earth magi
  28 deep elf knights
  6 sun demons
  3 iron golems (Hell)
  8 shock serpents
  19 hell knights
  9 naga sharpshooters
  A wretched star (Abyss:4)
  9 soul eaters
  The ghost of BrokenGlass the Covert, a novice VSAs of Gozag (D:8)
  5 salamander mystics
  An iron troll (Hell)
  A sixfirhy (Orc:2)
  32 skeletal warriors
  2 iron trolls (shapeshifter) (Depths:4)
  An anaconda zombie (Hell)
  43 deep trolls
  An unseen horror (shapeshifter) (D:13)
  3 shadow wraiths
  A torturous demonspawn (Orc:2)
  4 unseen horrors
  17 naga ritualists
  A spriggan druid (Swamp:3)
  An infernal demonspawn (Depths:3)
  3 flayed ghosts
  A swamp dragon (shapeshifter) (Depths:4)
  3 wizards
  A glowing orange brain (shapeshifter) (D:14)
  9 swamp dragons
  4 obsidian statues (Depths:4)
  An orange crystal statue (Depths:1)
  10 glowing orange brains
  13 ironbrand convokers
  Pikel (D:4)
  2 anaconda skeletons
  2 golden dragon skeletons
  2 stone giant zombies
  14 necromancers
  18 phantasmal warriors
  14 deep elf archers
  2 harpies (shapeshifter)
  2 shambling mangroves
  A lindwurm (Lair:5)
  4 wolf spiders
  20 orc knights
  A lindwurm (shapeshifter) (Vaults:5)
  A sphinx zombie (Hell)
  2 manticores
  16 mana vipers
  3 shining eyes
  3 frost giant zombies
  A fire giant zombie (Hell)
  45 ugly things
  12 salamanders
  2 shining eyes (shapeshifter)
  A faun (shapeshifter) (Depths:4)
  An iron dragon zombie (Hell)
  A tengu skeleton (Vaults:2)
  A salamander (shapeshifter) (Vaults:1)
  8 cyclopes
  76 deep elf magi
  2 elephants (Zot:1)
  26 moths of wrath
  7 orc sorcerers
  2 manticores (shapeshifter) (Depths:4)
  21 guardian serpents
  A fire giant skeleton (Vaults:2)
  2 apocalypse crabs (Abyss:5)
  A torpor snail (Lair:5)
  A guardian serpent (shapeshifter) (Depths:1)
  24 naga magi
  2 orange demons
  3 ice statues
  50 black mambas
  An orc zombie (Vaults:2)
  26 spiny frogs
  A water nymph (shapeshifter) (Vaults:5)
  A black mamba (shapeshifter) (D:13)
  A titan simulacrum (Crypt:1)
  Psyche (D:12)
  6 rust devils (Hell)
  5 eyes of devastation
  7 molten gargoyles
  8 smoke demons
  16 vault sentinels
  3 gargoyles
  A catoblepas zombie (Crypt:2)
  2 dire elephant zombies
  3 spiny frogs (shapeshifter)
  A rime drake (Lair:2)
  11 freezing wraiths
  A tormentor (Dis:1)
  3 hellions
  46 yaktaurs
  5 komodo dragons
  An anaconda simulacrum (Hell)
  3 efreet
  A tengu conjurer (D:15)
  A yaktaur (shapeshifter) (D:15)
  2 demonic crawlers
  4 ice devils
  41 guardian mummies
  5 red devils
  4 polar bears (Lair:6)
  3 ancient zymes
  A meliai (shapeshifter) (Depths:4)
  2 jumping spiders (shapeshifter)
  2 purple draconian skeletons
  A polar bear (shapeshifter) (Vaults:2)
  11 tyrant leeches
  A moth of wrath zombie (Crypt:2)
  27 hornets
  7 trolls
  A wind drake (shapeshifter) (D:15)
  17 raiju
  3 spriggan zombies (Hell)
  24 bog bodies
  96 slime creatures
  2 wind drakes (Depths:4)
  A raiju (shapeshifter) (Depths:5)
  A snapping turtle (shapeshifter) (Depths:1)
  A tyrant leech (shapeshifter) (Depths:4)
  A deep troll zombie (Hell)
  3 dream sheep (Lair:6)
  A fire dragon zombie (Crypt:2)
  An ettin zombie (Crypt:3)
  9 hippogriffs
  33 blink frogs
  7 starcursed masses (Abyss:5)
  28 spriggans
  9 shadows
  18 water elementals
  19 flying skulls
  3 vampires
  2 ynoxinuls
  A tarantella (shapeshifter) (Vaults:1)
  14 wraiths
  5 air elementals
  3 wyverns
  21 fire elementals
  17 ushabtiu
  6 hogs (Snake:3)
  2 basilisks
  5 fire bats (Volcano)
  A golden eye (shapeshifter) (Vaults:1)
  A chaos spawn (Depths:3)
  30 yaks
  5 humans (Zot:1)
  2 small abominations
  A black mamba skeleton (Tomb:2)
  A steam dragon (D:14)
  2 neqoxecs
  6 golden eyes
  Menkaure (D:7)
  8 vampire mosquitoes
  3 human simulacra
  3 swamp worms (shapeshifter) (Depths:4)
  33 insubstantial wisps
  A warg (shapeshifter) (Vaults:1)
  37 nagas
  24 swamp worms
  5 wargs
  An acid dragon (shapeshifter) (Vaults:5)
  A soldier ant (shapeshifter) (Depths:3)
  A spiny frog zombie (Crypt:3)
  A water moccasin (shapeshifter) (Orc:2)
  12 hell hounds
  Duvessa (D:7)
  A hydra simulacrum (Hell)
  8 water moccasins
  9 porcupines
  2 floating eyes (Depths:1)
  An infernal demonspawn skeleton (Crypt:1)
  8 eyes of draining
  10 ice beasts
  59 orc warriors
  2 sky beasts
  12 swamp drakes
  An eye of draining (shapeshifter) (Vaults:2)
  A phantom (D:3)
  3 black bears (Lair:6)
  A necrophage (Crypt:3)
  2 black bears (shapeshifter)
  A spiny frog skeleton (Hell)
  A snapping turtle zombie (Crypt:2)
  3 alligator simulacra (Hell)
  19 wolves
  25 boggarts
  An ogre (shapeshifter) (D:13)
  11 centaurs
  A swamp dragon skeleton (Tomb:1)
  24 ogres
  A dream sheep skeleton (Crypt:1)
  10 crocodiles
  5 big kobolds
  A snapping turtle skeleton (Tomb:1)
  26 bullfrogs
  Blork the orc (D:5)
  An octopode zombie (Crypt:1)
  A yaktaur zombie (Hell)
  14 earth elementals
  A wyvern zombie (D:9)
  A spiny frog simulacrum (Hell)
  2 wyvern skeletons
  An elf skeleton (Crypt:2)
  A hornet simulacrum (Vaults:1)
  Dowan (D:7)
  2 scorpions
  A polar bear zombie (Crypt:3)
  9 killer bees
  23 wights
  A polar bear skeleton (Crypt:1)
  A spriggan skeleton (Crypt:3)
  7 howler monkeys
  2 electric eels
  13 crimson imps
  5 lava snakes (Volcano)
  3 centaur zombies
  2 jellies
  4 quasits
  2 bullfrog skeletons
  4 centaur skeletons
  6 hounds
  A gnoll shaman (D:4)
  42 orc priests
  15 orc wizards
  2 iron imps (Dis:1)
  A demonspawn skeleton (Crypt:1)
  5 iguanas
  A human skeleton (Abyss:4)
  12 worker ants
  A killer bee zombie (D:8)
  An acid dragon zombie (Crypt:2)
  A sky beast zombie (Crypt:3)
  A hound skeleton (Crypt:2)
  A hound zombie (D:6)
  18 mummies
  3 worker ant zombies
  A howler monkey skeleton (D:10)
  A steam dragon zombie (Crypt:2)
  8 adders
  4 shadow imps
  A white imp (Depths:3)
  An ufetubus (Depths:3)
  2 oozes
  A worm zombie (Crypt:3)
  3 adder skeletons
  An adder zombie (D:5)
  3 worms
  4 dart slugs
  2 leopard geckos
  130 orcs
  16 bats
  A bat skeleton (Crypt:1)
  A giant cockroach (D:7)
  17 goblins
  13 hobgoblins
  4 jackals (D:3)
  31 kobolds
  3 quokkas
  5 ball pythons
  2 frilled lizards (D:2)
  A goblin zombie (Crypt:2)
  A kobold skeleton (Crypt:2)
  A leopard gecko skeleton (D:8)
  A quokka skeleton (D:8)
  6 rats
  A rat skeleton (Crypt:3)
  A rat zombie (Crypt:1)
  3 briar patches
  2 crawling corpses (Elf:3)
  4 fungi (Lair:1)
3131 creatures vanquished.

Vanquished Creatures (collateral kills)
  An orc (Vaults:5)
1 creature vanquished.

Vanquished Creatures (others)
  An ancient champion (Tomb:2)
  A nagaraja (Snake:2)
  A revenant (Tomb:2)
  An ironheart preserver (Vaults:5)
  A blizzard demon (Depths:4)
  2 centaur warriors
  A death scarab (Tomb:2)
  Sonja (D:14)
  2 naga sharpshooters
  A glowing orange brain (Depths:4)
  A storm dragon skeleton (Tomb:2)
  A skeletal warrior (Tomb:2)
  2 cyclopes
  A spiny frog (Swamp:1)
  An air elemental (Depths:4)
  12 flying skulls (Tomb:2)
  An insubstantial wisp (Depths:4)
  An orc warrior (Vaults:4)
  A slave (D:4)
  An ettin simulacrum (Tomb:2)
  3 centaurs
  A scorpion (D:4)
  A worker ant (D:4)
  A mummy (Crypt:3)
  4 gnolls (D:4)
  8 ball lightnings (Depths:4)
  A quokka (D:4)
  A quokka skeleton (D:4)
  20 fungi (D:10)
  17 plants
  2 starspawn tentacles (Abyss:4)
93 creatures vanquished.

Grand Total: 3225 creatures vanquished

Notes
Turn   | Place    | Note
-------+----------+-------------------------------------------
     0 | D:1      | Peloso the Minotaur Fighter began the quest for the Orb.
     0 | D:1      | Reached XP level 1. HP: 19/19 MP: 0/0
   113 | D:1      | Reached XP level 2. HP: 25/27 MP: 1/1
   653 | D:2      | Reached XP level 3. HP: 31/33 MP: 2/2
  1395 | D:3      | Reached XP level 4. HP: 40/40 MP: 3/3
  1423 | D:3      | Noticed a phantom
  1476 | D:3      | Killed a phantom
  1476 | D:3      | Reached skill level 5 in Shields
  1476 | D:3      | Reached XP level 5. HP: 40/46 MP: 4/4
  1507 | D:3      | Noticed an ogre
  1508 | D:3      | Noticed an ice beast
  1516 | D:3      | Killed an ogre
  1516 | D:3      | Reached skill level 1 in Dodging
  1529 | D:3      | Killed an ice beast
  1529 | D:3      | Reached XP level 6. HP: 16/53 MP: 5/5
  1813 | D:3      | Found a faded altar of an unknown god.
  1820 | D:3      | Reached skill level 5 in Armour
  2126 | D:3      | Reached skill level 5 in Long Blades
  2622 | D:4      | Noticed a slave
  2623 | D:4      | Noticed Pikel
  2623 | D:4      | Noticed a slave
  2623 | D:4      | Noticed a slave
  2636 | D:4      | Noticed a slave
  2639 | D:4      | Killed Pikel
  2639 | D:4      | Reached skill level 5 in Fighting
  2639 | D:4      | Reached XP level 7. HP: 59/61 MP: 6/6
  2727 | D:4      | Reached XP level 8. HP: 56/68 MP: 7/7
  2834 | D:4      | Found a staircase to the Ecumenical Temple.
  2855 | Temple   | Entered the Ecumenical Temple
  2860 | Temple   | Became a worshipper of Warmaster Okawaru
  3113 | D:5      | Entered Level 5 of the Dungeon
  3124 | D:5      | Noticed Blork the orc
  3131 | D:5      | Killed Blork the orc
  3169 | D:5      | Found a glowing drain.
  3231 | Sewer    | Entered a sewer
  3409 | D:5      | Found a hide-covered altar of Uskayaw.
  3455 | D:5      | Found a snail-covered altar of Cheibriados.
  3794 | D:5      | Reached * piety under Okawaru
  4556 | D:6      | Reached XP level 9. HP: 74/75 MP: 8/8
  4665 | D:6      | Found a shimmering altar of Xom.
  4672 | D:6      | Found a basalt altar of Yredelemnul.
  4676 | D:6      | Found a bloodstained altar of Trog.
  5043 | D:7      | Noticed Duvessa
  5043 | D:7      | Noticed Dowan
  5059 | D:7      | Killed Dowan
  5080 | D:7      | Killed Duvessa
  5083 | D:7      | Noticed Menkaure
  5101 | D:6      | Reached ** piety under Okawaru
  5223 | D:7      | Killed Menkaure
  5867 | D:7      | Found a bloodstained altar of Trog.
  6068 | D:7      | Found a sacrificial altar of Ru.
  6703 | D:8      | Reached skill level 10 in Long Blades
  6825 | D:8      | Reached skill level 10 in Shields
  6938 | D:8      | Reached skill level 1 in Stealth
  6983 | D:8      | Noticed BrokenGlass's ghost (novice VSAs)
  7005 | D:8      | Reached *** piety under Okawaru
  7026 | D:8      | Killed BrokenGlass's ghost
  7026 | D:8      | Reached XP level 10. HP: 55/86 MP: 6/9
  8223 | D:9      | Found a deep blue altar of Sif Muna.
  8966 | D:10     | Entered Level 10 of the Dungeon
  9228 | D:10     | Noticed a two-headed ogre
  9242 | D:10     | Killed a two-headed ogre
  9242 | D:10     | Reached **** piety under Okawaru
  9675 | D:10     | Reached XP level 11. HP: 45/92 MP: 8/10
 10083 | D:10     | Reached ***** piety under Okawaru
 10194 | D:10     | Found a staircase to the Lair.
 10391 | D:11     | Noticed error's ghost (journeyman OpVM)
 10406 | D:11     | Killed error's ghost
 10501 | D:11     | Found a labyrinth entrance.
 10545 | Lab      | Entered a labyrinth
 11147 | Lab      | Noticed a minotaur
 11153 | Lab      | Killed a minotaur
 11153 | Lab      | Received a gift from Okawaru
 11157 | Lab      | Found the +8 lance "Wyrmbane" {slay drac, rPois rF+ rC+ AC+3}
 11157 | Lab      | Got a warped platinum ring
 11157 | Lab      | Got a steaming granite ring
 11163 | Lab      | Identified the ring of Equilibrium {rC+ rN+ Dex+3} (You found it in a labyrinth)
 11165 | Lab      | Identified the ring of Qewkoqus {rC+ Stlth-} (You found it in a labyrinth)
 11167 | Lab      | Got a smoking ring mail
 11180 | Lab      | Identified the +5 ring mail "Xupa Via" {Str+2 SInv Stlth-} (You found it in a labyrinth)
 11211 | D:11     | Noticed a four-headed hydra
 11231 | D:11     | Killed a one-headed hydra
 11381 | D:11     | Reached skill level 1 in Polearms
 11490 | D:11     | Noticed BrokenGlass's ghost (journeyman VSAs)
 11524 | D:11     | Killed BrokenGlass's ghost
 11758 | D:11     | Found a staircase to the Orcish Mines.
 11844 | D:11     | Found Toptej's Weapon Emporium.
 11944 | Lair:1   | Entered Level 1 of the Lair of Beasts
 12039 | Lair:1   | Found a frozen archway.
 12073 | Lair:1   | Reached skill level 5 in Dodging
 12206 | IceCv    | Entered an ice cave
 12206 | IceCv    | Noticed a white ugly thing
 12219 | IceCv    | Killed a white ugly thing
 12219 | IceCv    | Received a gift from Okawaru
 12234 | IceCv    | Reached skill level 5 in Polearms
 12252 | IceCv    | Found a transporter.
 12315 | IceCv    | Noticed a white ugly thing
 12336 | IceCv    | Reached XP level 12. HP: 68/103 MP: 5/11
 12348 | IceCv    | Reached skill level 1 in Invocations
 13030 | Lair:1   | Reached ****** piety under Okawaru
 13765 | Lair:2   | Received a gift from Okawaru
 14314 | Lair:2   | Found a staircase to the Swamp.
 14834 | Lair:3   | Found a staircase to the Snake Pit.
 15568 | Lair:3   | Noticed Fannar
 15589 | Lair:3   | Killed Fannar
 15589 | Lair:3   | Reached skill level 10 in Armour
 15952 | Lair:4   | Received a gift from Okawaru
 15985 | Lair:4   | Reached skill level 15 in Shields
 16780 | Lair:5   | Found a viscous altar of Jiyva.
 16780 | Lair:5   | Found a staircase to the Slime Pits.
 16847 | Lair:5   | Noticed a seven-headed hydra
 16854 | Lair:5   | Killed a four-headed hydra
 16854 | Lair:5   | Reached XP level 13. HP: 52/113 MP: 12/12
 16978 | Lair:5   | Reached skill level 10 in Fighting
 17244 | Lair:5   | Received a gift from Okawaru
 18142 | D:12     | Noticed Psyche
 18145 | D:12     | Killed Psyche
 18745 | D:13     | Received a gift from Okawaru
 18753 | D:13     | Noticed Frances
 18772 | D:13     | Killed Frances
 18972 | D:13     | Found a gate to the Vaults.
 19760 | D:14     | Received a gift from Okawaru
 19887 | D:14     | Noticed Urug
 19899 | D:14     | Killed Urug
 19899 | D:14     | Reached XP level 14. HP: 48/124 MP: 10/13
 20316 | D:14     | Noticed Sonja
 20332 | D:14     | Killed Sonja
 20786 | D:14     | Noticed Roxanne
 20829 | D:14     | Killed Roxanne
 20830 | D:14     | Identified Roxanne's Handbook of Shape Shifting (You took it off Roxanne on level 14 of the Dungeon)
 21496 | Lair:6   | Entered Level 6 of the Lair of Beasts
 21509 | Lair:6   | Received a gift from Okawaru
 21509 | Lair:6   | Paralysed by a hornet for 1 turns
 21923 | Lair:6   | Got a twisted hat {god gift}
 21929 | Lair:6   | Identified the +0 hat of Democracy {rN+ Slay+5} (Okawaru gifted it to you on level 6 of the Lair of Beasts)
 22659 | Lair:6   | Reached skill level 15 in Long Blades
 23461 | Orc:1    | Entered Level 1 of the Orcish Mines
 23569 | Orc:1    | Noticed felirx's ghost (journeyman MiFi)
 23580 | Orc:1    | Killed felirx's ghost
 23790 | Orc:2    | Entered Level 2 of the Orcish Mines
 23790 | Orc:2    | Found Waenut's Antique Armour Emporium.
 23819 | Orc:2    | Noticed an orc warlord
 23831 | Orc:2    | Killed an orc warlord
 23874 | Orc:2    | Found Kixejuol's Distillery.
 23910 | Orc:2    | Found a dark tunnel.
 23918 | Volcano  | Entered a volcano
 23994 | Volcano  | Received a gift from Okawaru
 24045 | Volcano  | Noticed a stone giant
 24068 | Volcano  | Killed a stone giant
 24074 | Volcano  | Found a radiant altar of Vehumet.
 24316 | Orc:2    | Found Laclih's Distillery.
 24319 | Orc:2    | Found Xeunnuim's Magic Scroll Shop.
 24682 | Orc:2    | Bought a potion of heal wounds for 85 gold pieces
 24682 | Orc:2    | Bought a potion of heal wounds for 85 gold pieces
 24682 | Orc:2    | Bought a potion of berserk rage for 85 gold pieces
 24682 | Orc:2    | Bought a potion of might for 68 gold pieces
 24901 | Orc:2    | Gained mutation: Armour fits poorly on your strangely shaped body. [a neqoxec]
 24925 | Orc:2    | Bought a scroll of magic mapping for 59 gold pieces
 24976 | Orc:2    | Reached XP level 15. HP: 107/134 MP: 15/15
 25405 | Orc:2    | Found Kupleukh's Gadget Emporium.
 25405 | Orc:2    | Found Aruz's Antique Weapon Shoppe.
 25406 | Orc:2    | Found a one-way gate leading to the halls of Pandemonium.
 25467 | Orc:2    | Found Awiosevo's Jewellery Shoppe.
 25496 | Orc:2    | Found Fidug's Food Boutique.
 25741 | Orc:2    | Found a staircase to the Elven Halls.
 26113 | Orc:2    | Bought a potion of heal wounds for 85 gold pieces
 26113 | Orc:2    | Bought a potion of heal wounds for 85 gold pieces
 26113 | Orc:2    | Bought a potion of heal wounds for 85 gold pieces
 26300 | D:15     | Entered Level 15 of the Dungeon
 26369 | D:15     | Received a gift from Okawaru
 26742 | D:15     | Found a staircase to the Depths.
 26743 | D:15     | Noticed Azrael
 26754 | D:15     | Killed Azrael
 27003 | D:15     | Noticed Josephine
 27013 | D:15     | Killed Josephine
 27029 | D:15     | Received a gift from Okawaru
 27283 | Swamp:1  | Entered Level 1 of the Swamp
 27872 | Swamp:1  | Noticed a thorn hunter
 27908 | Swamp:1  | Killed a thorn hunter
 28324 | Swamp:1  | Received a gift from Okawaru
 28823 | Swamp:1  | Reached XP level 16. HP: 122/146 MP: 16/16
 29207 | Snake:1  | Entered Level 1 of the Snake Pit
 29270 | Snake:1  | Received a gift from Okawaru
 29680 | Snake:1  | Found Acuyr's Jewellery Boutique.
 30268 | Snake:1  | Found Omneurr's Food Shoppe.
 31081 | Snake:2  | Reached skill level 10 in Dodging
 31556 | Snake:2  | Received a gift from Okawaru
 31601 | Snake:2  | Found a transporter.
 31604 | Snake:2  | Found a radiant altar of Vehumet.
 31624 | Snake:2  | Found a transporter.
 32027 | Snake:2  | Identified the Papyrus of the Congealing Volcanoes
 32034 | Snake:2  | Got an ancient steel ring
 32036 | Snake:2  | Identified the ring "Maibast" {Fire MR+ Dex+4} (You found it on level 2 of the Snake Pit)
 32322 | Snake:3  | Reached skill level 15 in Fighting
 32679 | Snake:3  | Reached XP level 17. HP: 156/156 MP: 17/17
 33053 | Snake:3  | Noticed Aizul
 33070 | Snake:3  | Killed Aizul
 33434 | Snake:3  | Noticed Kirke
 33493 | Snake:3  | Killed Kirke
 33753 | Snake:3  | Found Rashoeva's Jewellery Shoppe.
 33760 | Snake:3  | Bought the amulet "Ycairhetz" {Spirit rN+ Str+6 Dex+4} for 870 gold pieces
 33800 | Snake:3  | Received a gift from Okawaru
 33803 | Snake:3  | Got a warped trident {god gift}
 33804 | Snake:3  | Identified the +2 trident "Eleu" {pain, Int+2} (Okawaru gifted it to you on level 3 of the Snake Pit)
 34224 | Snake:4  | Entered Level 4 of the Snake Pit
 35580 | Snake:4  | Received a gift from Okawaru
 36167 | Orc:2    | Bought a potion of might for 68 gold pieces
 36547 | Snake:4  | Noticed Vashnia
 37014 | Snake:4  | Killed Vashnia
 37596 | Snake:4  | Found a white marble altar of Elyvilon.
 39139 | Snake:4  | Reached XP level 18. HP: 150/166 MP: 16/18
 39467 | Snake:4  | Received a gift from Okawaru
 39516 | Snake:4  | Reached skill level 15 in Armour
 39850 | Snake:4  | Got a serpentine rune of Zot
 40921 | Swamp:3  | Noticed maxonian's ghost (adept FoAK)
 41727 | Swamp:3  | Received a gift from Okawaru
 42035 | Swamp:3  | Killed maxonian's ghost
 42966 | Swamp:4  | Entered Level 4 of the Swamp
 43309 | Swamp:4  | Received a gift from Okawaru
 44195 | Swamp:4  | Reached XP level 19. HP: 134/177 MP: 13/19
 44484 | Swamp:4  | Found a sparkling altar of Nemelex Xobeh.
 44615 | Swamp:4  | Got a decaying rune of Zot
 45194 | Vaults:1 | Entered Level 1 of the Vaults
 45200 | Vaults:1 | Received a gift from Okawaru
 46297 | Vaults:1 | Noticed Asterion
 46312 | Vaults:1 | Killed Asterion
 46378 | Vaults:1 | Received a gift from Okawaru
 46381 | Vaults:1 | Got an ancient scimitar {god gift}
 46382 | Vaults:1 | Identified the +3 scimitar of Moderation {flame, Str-3 Int+3 Stlth+} (Okawaru gifted it to you on level 1 of the Vaults)
 46650 | Vaults:1 | Got a dazzling broad axe
 46651 | Vaults:1 | Identified the +4 broad axe of Vesuqost {chop, Fragile rPois rF+ Int+4} (You found it on level 1 of the Vaults)
 46661 | Vaults:1 | Got a steaming plate armour
 46672 | Vaults:1 | Identified the cursed +0 plate armour of Oxosuf {rPois Int+4} (You found it on level 1 of the Vaults)
 47659 | Vaults:1 | Got a scorched chain mail
 47661 | Vaults:1 | Identified the +8 chain mail of Untruth {rC+} (You found it on level 1 of the Vaults)
 48344 | Elf:1    | Entered Level 1 of the Elven Halls
 48413 | Elf:1    | Received a gift from Okawaru
 49633 | Elf:1    | Gained mutation: Scrolls take you a little longer to read. [a neqoxec]
 49635 | Elf:1    | Gained mutation: Your magical capacity is low. (-10% MP) [a neqoxec]
 49637 | Elf:1    | Noticed a Tzitzimitl
 49983 | Elf:1    | Received a gift from Okawaru
 50631 | Elf:2    | Reached XP level 20. HP: 151/189 MP: 13/18
 50996 | Elf:2    | Found a huge runed gate.
 50996 | Elf:2    | Found a huge runed gate.
 51014 | Elf:2    | Found a huge runed gate.
 51015 | Elf:2    | Found a huge runed gate.
 51016 | Elf:2    | Found a huge runed gate.
 51258 | Elf:2    | Received a gift from Okawaru
 51279 | Elf:2    | Got a scorched scimitar {god gift}
 51280 | Elf:2    | Identified the +1 scimitar of Death {freeze, rPois rF+} (Okawaru gifted it to you on level 2 of the Elven Halls)
 51534 | Elf:2    | Found Qemaicun's Food Shop.
 52366 | Elf:3    | Entered Level 3 of the Elven Halls
 52474 | Elf:3    | Received a gift from Okawaru
 53244 | Elf:3    | Cast into level 3 of the Abyss (a deep elf sorcerer)
 53557 | Abyss:4  | Noticed a profane servitor
 53684 | Elf:3    | Escaped the Abyss
 54010 | Elf:3    | Got a warped rapier {pierce}
 54011 | Elf:3    | Identified the +2 rapier of Uskayaw's Generosity {pierce, rF+ Str+4 SInv} (You took it off a deep elf annihilator on level 3 of the Elven Halls)
 54255 | Elf:3    | Got a crude hand axe {freeze}
 54560 | Lair:1   | Identified the +8 hand axe "Acarine's Bane" {freeze, Stlth+} (You took it off a deep elf demonologist on level 3 of the Elven Halls)
 55079 | Elf:3    | Received a gift from Okawaru
 55084 | Elf:3    | Reached XP level 21. HP: 199/199 MP: 19/19
 55498 | Elf:3    | Got an ancient scale mail
 55606 | Elf:3    | Identified the Collected Works on the Supportive Compass
 55618 | Elf:3    | Identified a +0 pair of boots of running (You found it on level 3 of the Elven Halls)
 55648 | Elf:3    | Identified Opologa's Volume of Conjuration
 55785 | Elf:3    | Identified the +8 scale mail "Pountasy" {Str+3} (You took it off a deep elf master archer on level 3 of the Elven Halls)
 55795 | Elf:3    | Identified a +0 pair of boots of running (You found it on level 3 of the Elven Halls)
 56308 | Lair:1   | Lost mutation: Your magical capacity is low. (-10% MP) [potion of mutation]
 56308 | Lair:1   | Lost mutation: Armour fits poorly on your strangely shaped body. [potion of mutation]
 56308 | Lair:1   | Lost mutation: Scrolls take you a little longer to read. [potion of mutation]
 56308 | Lair:1   | Gained mutation: You are partially covered in rugged brown scales. (AC +1, +3% HP) [potion of mutation]
 56308 | Lair:1   | Gained mutation: You passively map a small area around you. [potion of mutation]
 56308 | Lair:1   | Gained mutation: You have a somewhat thin skeletal structure. (Dex +2, Stealth) [potion of mutation]
 56544 | Vaults:2 | Noticed Sojobo
 56576 | Vaults:2 | Killed Sojobo
 56576 | Vaults:2 | Reached skill level 1 in Evocations
 56968 | Vaults:2 | Received a gift from Okawaru
 56971 | Vaults:2 | Got an ichor-stained plate armour {god gift}
 56985 | Vaults:1 | Identified the +14 plate armour "Typhes" {rF++ rC+} (Okawaru gifted it to you on level 2 of the Vaults)
 57134 | Vaults:2 | Found Ezapyije's Antique Armour Shop.
 57512 | Vaults:2 | Got a warped war axe
 57513 | Vaults:2 | Identified the +6 war axe of Blood {freeze, +Blink rN+ MR++ Int+3} (You found it on level 2 of the Vaults)
 57681 | Vaults:2 | Reached skill level 1 in Axes
 58917 | Vaults:3 | Noticed Jory
 58938 | Vaults:3 | Killed Jory
 58959 | Vaults:3 | Noticed Bai Suzhen
 58979 | Vaults:3 | Killed Bai Suzhen
 59105 | Vaults:3 | Received a gift from Okawaru
 59496 | Vaults:3 | Found a staircase to the Crypt.
 60098 | Vaults:4 | Reached XP level 22. HP: 207/217 MP: 20/22
 60128 | Vaults:4 | Found Taogaqov's Jewellery Boutique.
 60605 | Vaults:4 | Received a gift from Okawaru
 61218 | Vaults:5 | Entered Level 5 of the Vaults
 61448 | Vaults:4 | Reached skill level 27 in Shields
 61739 | Vaults:4 | Received a gift from Okawaru
 61749 | Vaults:4 | Got a bloodstained great sword {god gift}
 61750 | Vaults:4 | Identified the +9 great sword "Yxusos" {freeze, +Blink +Rage Stlth+} (Okawaru gifted it to you on level 4 of the Vaults)
 62090 | Vaults:5 | Noticed an ancient lich
 62126 | Vaults:4 | Killed an ancient lich
 62138 | Vaults:4 | Received a gift from Okawaru
 62144 | Vaults:4 | HP: 10/221 [war gargoyle/vampiric lajatang (15)]
 62729 | Vaults:4 | Reached XP level 23. HP: 170/228 MP: 17/23
 64800 | Vaults:5 | Received a gift from Okawaru
 64892 | Vaults:5 | Got a dazzling war axe {drain}
 65343 | Vaults:5 | Identified the Volume of Mutagenic Dislocation
 65497 | Vaults:5 | Got a silver rune of Zot
 65642 | Vaults:5 | Got a twisted dagger
 65713 | Vaults:5 | Identified the +7 war axe "Boer" {drain, rElec rF++ MP+9 Str-5} (You took it off a vault sentinel on level 5 of the Vaults)
 65714 | Vaults:5 | Identified the +9 dagger of Ataoz {pierce, rPois Str+5 Int+3} (You found it on level 5 of the Vaults)
 65883 | Depths:1 | Entered Level 1 of the Depths
 66699 | Depths:1 | Received a gift from Okawaru
 66912 | Depths:1 | Found a gateway to Hell.
 67102 | Depths:1 | Found a runed door.
 68491 | Depths:2 | Reached XP level 24. HP: 243/243 MP: 24/24
 68736 | Depths:2 | Found a one-way gate to the infinite horrors of the Abyss.
 68815 | Depths:2 | Found Vyjaoruh's Gadget Shoppe.
 68890 | Depths:2 | Received a gift from Okawaru
 68896 | Depths:2 | Got a pair of shimmering gloves {god gift}
 68907 | Depths:2 | Identified the +0 pair of gloves of the Crypt {rN++ rCorr Int+4 Dex-5} (Okawaru gifted it to you on level 2 of the Depths)
 69118 | Depths:2 | Got an encrusted buckler
 69129 | Depths:2 | Identified the +3 buckler of the Onion {rC+ Str+5} (You found it on level 2 of the Depths)
 69141 | Depths:2 | Got a smoking mace
 69142 | Depths:2 | Identified the cursed +1 mace of Untimely Demise {crush, rF- rC+ rN+ Dex+4} (You found it on level 2 of the Depths)
 69540 | Depths:2 | Found Viugi's Gadget Emporium.
 69540 | Depths:2 | Found Huexupp's Jewellery Boutique.
 69541 | Depths:2 | Found Yciunux's Gadget Emporium.
 69931 | Depths:3 | Found Gozag's Assorted Antiques.
 69982 | Depths:3 | Found an opulent altar of Gozag.
 69985 | Depths:3 | Found Gozag's Assorted Antiques.
 69987 | Depths:3 | Found Gozag's Antique Weapon Shop.
 70491 | Depths:3 | Noticed Frederick
 70502 | Depths:3 | Killed Frederick
 70680 | Depths:3 | Received a gift from Okawaru
 71613 | Depths:4 | Lost intelligence.
 71655 | Depths:4 | Received a gift from Okawaru
 71916 | Depths:4 | Paralysed by a floating eye for 4 turns
 71937 | Depths:4 | Reached XP level 25. HP: 228/256 MP: 22/24
 72153 | Depths:4 | Identified the Tome of the Warped Rocks
 72246 | Depths:4 | Got a fine broad axe
 72247 | Depths:4 | Identified the +7 broad axe of Trog's Whim {chop, Fragile +Rage rPois Int+4} (You found it on level 4 of the Depths)
 73244 | Depths:5 | Entered Level 5 of the Depths
 73244 | Depths:5 | Found a gateway to a ziggurat.
 73391 | Depths:5 | Received a gift from Okawaru
 73506 | Depths:5 | Found a huge runed gate.
 73507 | Depths:5 | Found a huge runed gate.
 73508 | Depths:5 | Found a huge runed gate.
 73508 | Depths:5 | Found a huge runed gate.
 73509 | Depths:5 | Found a huge runed gate.
 73509 | Depths:5 | Found a huge runed gate.
 73545 | Depths:5 | Found a huge runed gate.
 73545 | Depths:5 | Found a huge runed gate.
 73545 | Depths:5 | Found a huge runed gate.
 73545 | Depths:5 | Found a huge runed gate.
 73545 | Depths:5 | Found a huge runed gate.
 73547 | Depths:5 | Found a huge runed gate.
 73548 | Depths:5 | Found a huge runed gate.
 73554 | Depths:5 | Found a huge runed gate.
 73554 | Depths:5 | Found a huge runed gate.
 73555 | Depths:5 | Found a huge runed gate.
 73557 | Depths:5 | Found a huge runed gate.
 73557 | Depths:5 | Found a huge runed gate.
 73557 | Depths:5 | Found a huge runed gate.
 73557 | Depths:5 | Found a huge runed gate.
 73557 | Depths:5 | Found a huge runed gate.
 73835 | Depths:5 | Found a gate to the Realm of Zot.
 74958 | Depths:5 | Noticed an ancient lich
 74958 | Depths:5 | Noticed an ancient lich
 74958 | Depths:5 | Noticed a juggernaut
 74980 | Depths:4 | Killed a juggernaut
 75246 | Depths:4 | Killed an ancient lich
 75532 | Depths:4 | Killed an ancient lich
 75532 | Depths:4 | Received a gift from Okawaru
 76483 | Crypt:1  | Entered Level 1 of the Crypt
 76760 | Crypt:1  | Identified a scroll of acquirement
 76798 | Crypt:1  | Reached XP level 26. HP: 217/271 MP: 24/24
 77617 | Crypt:2  | Reached skill level 5 in Stealth
 78045 | Crypt:2  | Got a transparent plate armour
 78071 | Crypt:2  | Identified the +8 plate armour of the Poles {Int+2 Dex+2} (You found it on level 2 of the Crypt)
 78098 | Crypt:2  | Got an ichor-stained scale mail
 78099 | Crypt:2  | Identified the +0 scale mail of the Past {Slay+2} (You found it on level 2 of the Crypt)
 78372 | Crypt:2  | Reached skill level 27 in Fighting
 78588 | Crypt:3  | Entered Level 3 of the Crypt
 78870 | Crypt:3  | Received a gift from Okawaru
 80839 | Crypt:3  | Found a staircase to the Tomb.
 81215 | Crypt:3  | Got a scorched marble ring
 81225 | Crypt:3  | Noticed a greater mummy
 81234 | Crypt:3  | Killed a greater mummy
 81472 | Crypt:3  | Got a translucent zirconium amulet
 81753 | Crypt:3  | Identified the Almanac of Evil Rituals
 81756 | Crypt:3  | Got an ancient iron ring
 81756 | Crypt:3  | Got a clouded lead ring
 81766 | Crypt:3  | Identified the ring of Ebuqoovu {rElec rN+ MR+} (You took it off a guardian mummy on level 3 of the Crypt)
 81768 | Crypt:3  | Identified the ring "Mowil" {*Drain rPois rN+ Dex+4 Stlth+} (You found it on level 3 of the Crypt)
 81770 | Crypt:3  | Identified the ring of Pipocux {+Inv rN+ Str-2 Int+9 Dex-3} (You found it on level 3 of the Crypt)
 81776 | Crypt:3  | Identified the amulet of Xiloi {Faith rN+ Int+4} (You took it off a guardian mummy on level 3 of the Crypt)
 81782 | Crypt:3  | Got a pair of encrusted boots
 81793 | Crypt:3  | Identified the -5 pair of boots "Feip" {*Corrode Int+9 Dex+6} (You found it on level 3 of the Crypt)
 82265 | Lair:1   | Got a scorched double sword
 82266 | Lair:1   | Identified the +7 double sword of Cheibriados's Approval {freeze, MR+ Str+2} (You acquired it on level 1 of the Lair of Beasts)
 82514 | Hell     | Entered the Vestibule of Hell
 82514 | Hell     | Noticed Geryon
 82672 | Hell     | Found a gateway to the decaying netherworld of Tartarus.
 83394 | Hell     | Reached skill level 27 in Long Blades
 83733 | Hell     | Received a gift from Okawaru
 83815 | Hell     | Noticed Murray
 84026 | Hell     | Killed Murray
 84298 | Hell     | Killed Geryon
 84395 | Hell     | Found a gateway to the freezing wastes of Cocytus.
 84617 | Hell     | Found a gateway to the ashen valley of Gehenna.
 84682 | Hell     | Found a gateway to the Iron City of Dis.
 85053 | Tomb:1   | Entered Level 1 of the Tomb of the Ancients
 85242 | Tomb:1   | Reached XP level 27. HP: 274/280 MP: 24/24
 85365 | Tomb:1   | Noticed a greater mummy
 85888 | Tomb:1   | Killed a greater mummy
 87138 | Tomb:1   | Noticed a greater mummy
 87149 | Tomb:1   | Killed a greater mummy
 87933 | Dis:1    | Entered Level 1 of the Iron City of Dis
 88421 | Zot:1    | Entered Level 1 of the Realm of Zot
 88421 | Zot:1    | Noticed an orb of fire
 88435 | Zot:1    | Gained mutation: Scrolls take you a little longer to read. [an orb of fire]
 88437 | Zot:1    | Killed an orb of fire
 89171 | Zot:1    | Received a gift from Okawaru
 89198 | Zot:1    | Got an ichor-stained falchion {god gift}
 89367 | Zot:1    | Identified the +10 falchion "Ihoc" {pain, Int-3 Dex+2 SInv} (Okawaru gifted it to you on level 1 of the Realm of Zot)
 90555 | Zot:2    | Received a gift from Okawaru
 90572 | Zot:2    | Got a faintly glowing scimitar {god gift}
 90573 | Zot:2    | Identified the +1 scimitar of the Tired Queens {pain, MR++} (Okawaru gifted it to you on level 2 of the Realm of Zot)
 91464 | Zot:2    | Received a gift from Okawaru
 91533 | Zot:2    | Noticed an orb of fire
 91534 | Zot:2    | Gained mutation: You have sharp toenails. [an orb of fire]
 91546 | Zot:2    | Killed an orb of fire
 92441 | Lair:1   | Lost mutation: You have a somewhat thin skeletal structure. (Dex +2, Stealth) [potion of mutation]
 92441 | Lair:1   | Lost mutation: You are partially covered in rugged brown scales. (AC +1, +3% HP) [potion of mutation]
 92441 | Lair:1   | Lost mutation: Scrolls take you a little longer to read. [potion of mutation]
 92441 | Lair:1   | Gained mutation: You are frail. (-10% HP) [potion of mutation]
 92441 | Lair:1   | Gained mutation: You have razor-sharp toenails. [potion of mutation]
 92442 | Lair:1   | Lost mutation: You have razor-sharp toenails. [potion of mutation]
 92442 | Lair:1   | Gained mutation: You are occasionally teleported next to monsters. [potion of mutation]
 92442 | Lair:1   | Gained mutation: You are very frail. (-20% HP) [potion of mutation]
 92442 | Lair:1   | Gained mutation: You have razor-sharp toenails. [potion of mutation]
 92443 | Lair:1   | Lost mutation: You are very frail. (-20% HP) [potion of mutation]
 92443 | Lair:1   | Gained mutation: You have claws for feet. [potion of mutation]
 92443 | Lair:1   | Lost mutation: You are frail. (-10% HP) [potion of mutation]
 92443 | Lair:1   | Gained mutation: You have a pair of large horns on your head. [potion of mutation]
 92444 | Lair:1   | Lost mutation: You have claws for feet. [potion of mutation]
 92444 | Lair:1   | Lost mutation: You passively map a small area around you. [potion of mutation]
 92444 | Lair:1   | Gained mutation: Your movements are slightly less encumbered by armour. (ER -2) [potion of mutation]
 92444 | Lair:1   | Gained mutation: You tend to lose your temper in combat. [potion of mutation]
 92444 | Lair:1   | Gained mutation: You are partially covered in slimy green scales. (AC +2) [potion of mutation]
 92445 | Lair:1   | Lost mutation: Your movements are slightly less encumbered by armour. (ER -2) [potion of mutation]
 92445 | Lair:1   | Lost mutation: You are occasionally teleported next to monsters. [potion of mutation]
 92445 | Lair:1   | Lost mutation: You tend to lose your temper in combat. [potion of mutation]
 92446 | Lair:1   | Lost mutation: You are partially covered in slimy green scales. (AC +2) [potion of mutation]
 92446 | Lair:1   | Lost mutation: You have razor-sharp toenails. [potion of mutation]
 92446 | Lair:1   | Lost mutation: You have sharp toenails. [potion of mutation]
 92446 | Lair:1   | Lost mutation: You have a pair of large horns on your head. [potion of mutation]
 92446 | Lair:1   | Gained mutation: You have a pair of large horns on your head. [potion of mutation]
 92446 | Lair:1   | Gained mutation: You are agile. (Dex +2) [potion of mutation]
 92446 | Lair:1   | Gained mutation: Your system is resistant to poisons. (rPois) [potion of mutation]
 92446 | Lair:1   | Gained mutation: Your spells are a little harder to cast, but a little more powerful. [potion of mutation]
 92447 | Lair:1   | Lost mutation: Your spells are a little harder to cast, but a little more powerful. [potion of mutation]
 92447 | Lair:1   | Lost mutation: You have a pair of large horns on your head. [potion of mutation]
 92447 | Lair:1   | Gained mutation: You expend magic power (3 MP) to strengthen your wands. [potion of mutation]
 92447 | Lair:1   | Gained mutation: You are frail. (-10% HP) [potion of mutation]
 92447 | Lair:1   | Gained mutation: Your mind is acute. (Int +2) [potion of mutation]
 92447 | Lair:1   | Gained mutation: You are partially covered in rugged brown scales. (AC +1, +3% HP) [potion of mutation]
 92880 | Zot:3    | Reached skill level 27 in Armour
 92885 | Zot:3    | Received a gift from Okawaru
 92888 | Zot:3    | Got a smelly chain mail {god gift}
 92889 | Zot:3    | Identified the +3 chain mail of Lethargy {rF+ rCorr Str-4} (Okawaru gifted it to you on level 3 of the Realm of Zot)
 93172 | Zot:3    | Reached skill level 15 in Dodging
 93413 | Zot:3    | Cast into level 5 of the Abyss (a Zot trap)
 93413 | Abyss:5  | Entered Level 5 of the Abyss
 93435 | Abyss:5  | Identified Puxitok's Papyrus of Torrid Translocation
 93474 | Abyss:5  | Gained mutation: You are very frail. (-20% HP) [a neqoxec]
 93507 | Abyss:5  | Paralysed by you for 5 turns
 93650 | Zot:3    | Escaped the Abyss
 93753 | Zot:4    | Reached skill level 5 in Invocations
 94476 | Zot:4    | Noticed an orb of fire
 94487 | Zot:4    | Gained mutation: You tend to lose your temper in combat. [an orb of fire]
 94494 | Zot:4    | Killed an orb of fire
 95095 | Zot:5    | Entered Level 5 of the Realm of Zot
 95261 | Zot:5    | Received a gift from Okawaru
 95361 | Zot:5    | Noticed an ancient lich
 95364 | Zot:5    | Noticed an ancient lich
 95365 | Zot:5    | Killed an ancient lich
 95372 | Zot:5    | Killed an ancient lich
 95406 | Zot:5    | Found a basalt altar of Yredelemnul.
 95699 | Zot:5    | Noticed an ancient lich
 95705 | Zot:5    | Killed an ancient lich
 95760 | Zot:5    | Noticed an ancient lich
 95772 | Zot:5    | Killed an ancient lich
 95774 | Zot:5    | Noticed an ancient lich
 95779 | Zot:5    | Killed an ancient lich
 96405 | Lair:1   | Lost mutation: You are agile. (Dex +2) [potion of mutation]
 96405 | Lair:1   | Lost mutation: You are very frail. (-20% HP) [potion of mutation]
 96405 | Lair:1   | Gained mutation: Your mind is very acute. (Int +4) [potion of mutation]
 96405 | Lair:1   | Gained mutation: You have a somewhat thin skeletal structure. (Dex +2, Stealth) [potion of mutation]
 96880 | Zot:5    | Noticed deadestbob's ghost (veteran HOFi)
 96900 | Zot:5    | Killed deadestbob's ghost
 96921 | Zot:5    | Noticed an orb of fire
 96933 | Zot:5    | Gained mutation: You often lose your temper in combat. [an orb of fire]
 96935 | Zot:5    | Killed an orb of fire
 96935 | Zot:5    | Received a gift from Okawaru
 97011 | Zot:5    | Noticed an orb of fire
 97026 | Zot:5    | Killed an orb of fire
 97449 | Zot:5    | Received a gift from Okawaru
 98122 | Zot:5    | Gained mutation: You do not regenerate when monsters are visible. [mutagenic glow]
 99047 | Slime:1  | Entered Level 1 of the Pits of Slime
 99558 | Slime:2  | Received a gift from Okawaru
 99960 | Slime:4  | Gained mutation: Scrolls take you a little longer to read. [a shining eye]
 99961 | Slime:4  | Lost mutation: Your mind is very acute. (Int +4) [a shining eye]
 99988 | Slime:5  | Entered Level 5 of the Pits of Slime
100090 | Slime:5  | Gained mutation: Potions are less effective at restoring your health. [a shining eye]
100094 | Slime:5  | Lost mutation: Scrolls take you a little longer to read. [a shining eye]
100100 | Slime:5  | Noticed the Royal Jelly
100116 | Slime:5  | Killed the Royal Jelly
100682 | Slime:5  | Found the +6 shillelagh "Devastator" {shatter}
100734 | Slime:5  | Identified the Catalogue of the Battered Dances
100760 | Slime:5  | Got a smoking brass amulet
100814 | Slime:5  | Got a slimy rune of Zot
100845 | Slime:5  | Got a pair of faintly glowing boots
100856 | Slime:5  | Identified the +2 pair of boots "Muahe" {rPois rF- rC+ rN+ Str+4} (You found it on level 5 of the Pits of Slime)
100876 | Slime:5  | Identified the amulet of the Sun {RegenMP rElec} (You found it on level 5 of the Pits of Slime)
101223 | Slime:1  | Noticed asdpro's ghost (adept MiFi)
101244 | Slime:1  | Killed asdpro's ghost
101487 | Lair:1   | Lost mutation: Your system is resistant to poisons. (rPois) [potion of mutation]
101487 | Lair:1   | Lost mutation: You have a somewhat thin skeletal structure. (Dex +2, Stealth) [potion of mutation]
101487 | Lair:1   | Lost mutation: You are frail. (-10% HP) [potion of mutation]
101487 | Lair:1   | Lost mutation: You often lose your temper in combat. [potion of mutation]
101487 | Lair:1   | Lost mutation: Your mind is acute. (Int +2) [potion of mutation]
101487 | Lair:1   | Gained mutation: You have supernaturally acute eyesight. (SInv) [potion of mutation]
103749 | Tomb:2   | Noticed Boris
103751 | Tomb:2   | Noticed a greater mummy
103751 | Tomb:2   | Reached skill level 5 in Evocations
103754 | Tomb:2   | Noticed a greater mummy
103764 | Tomb:2   | Noticed an ancient lich
103770 | Tomb:2   | Noticed a greater mummy
103796 | Tomb:2   | Killed a greater mummy
103796 | Tomb:2   | Received a gift from Okawaru
103808 | Tomb:2   | HP: 18/421 [frost giant skeleton (16)]
103825 | Tomb:1   | Noticed a greater mummy
103826 | Tomb:1   | HP: 12/281 [bennu (5)]
103827 | Tomb:1   | Noticed a greater mummy
103827 | Tomb:1   | Noticed a greater mummy
103828 | Tomb:1   | Killed from afar by a greater mummy

Skill      XL: |  1  2  3  4  5  6  7  8  9 10 11 12 13 14 15 16 17 18 19 20 21 22 23 24 25 26 27 |
---------------+----------------------------------------------------------------------------------+-----
Fighting       | 4 5 6 7 8 9 11 12 14 15 16 17 18 19 20 21 23 25 26 27 | 27.0
Armour         | 4 5 6 8 9 10 11 12 13 14 15 16 17 18 19 20 22 27 | 27.0
Shields        | 4 5 6 8 10 12 13 15 16 18 19 20 22 23 24 25 26 27 | 27.0
Long Blades    | 3 4 6 7 9 10 11 12 13 14 15 16 17 18 19 20 21 22 24 25 27 | 27.0
Dodging        | 1 2 3 4 5 6 8 9 10 11 12 23 | 23.5
Stealth        | 1 2 3 4 5 9 |  9.7
Polearms       | 5 |  5.2
Invocations    | 1 2 3 7 |  7.2
Evocations     | 1 3 5 |  5.2
Axes           | 4 |  4.2

Action                   |  1- 3 |  4- 6 |  7- 9 | 10-12 | 13-15 | 16-18 | 19-21 | 22-24 | 25-27 || total
-------------------------+-------+-------+-------+-------+-------+-------+-------+-------+-------++-------
Melee: Long sword        |    76 |   101 |   105 |   534 |    90 |       |       |       |       ||   906
       Headbutt          |    15 |    21 |    89 |   230 |   345 |   496 |   625 |   722 |  1059 ||  3602
       Falchion          |       |       |   350 |   285 |       |       |       |       |       ||   635
       Lance             |       |       |       |   161 |       |       |       |       |       ||   161
       Demon blade       |       |       |       |       |   997 |   818 |  1484 |  1591 |    45 ||  4935
       Scimitar          |       |       |       |       |    54 |   492 |    36 |       |       ||   582
       War axe           |       |       |       |       |       |       |    34 |       |       ||    34
       Double sword      |       |       |       |       |       |       |       |       |  2430 ||  2430
Invok: Heroism           |       |       |     1 |     8 |     3 |     2 |     3 |     6 |     8 ||    31
       Finesse           |       |       |       |     1 |       |       |     1 |       |       ||     2
Evoke: Wand              |       |       |       |     1 |     1 |     1 |     9 |    38 |     5 ||    55
  Use: Scroll            |       |     5 |     7 |    15 |     9 |     8 |    15 |    11 |    28 ||    98
       Potion            |       |       |       |     2 |     5 |     5 |     8 |    11 |    26 ||    57
 Stab: Distracted        |       |       |       |       |       |       |       |     3 |     1 ||     4
       Petrifying        |       |       |       |       |       |       |       |       |     1 ||     1
  Eat: Chunk             |     2 |     4 |    14 |    29 |    31 |    26 |    44 |    28 |    33 ||   211
       Ration            |       |       |       |     1 |     2 |     7 |     2 |     3 |    20 ||    35
Armor: Scale mail        |    36 |    28 |       |       |       |       |       |       |       ||    64
       Plate armour      |       |     3 |   137 |     2 |   110 |   318 |   332 |   683 |  1329 ||  2914
       Chain mail        |       |       |    29 |    79 |       |       |     3 |       |       ||   111
       Ring mail         |       |       |       |   106 |    86 |       |       |       |       ||   192
       Swamp dragon scal |       |       |       |       |    34 |     2 |       |       |       ||    36
Dodge: Dodged            |    27 |    32 |    80 |   218 |   395 |   398 |   485 |   769 |  1818 ||  4222
Block: Shield            |    47 |    57 |   392 |   805 |  1148 |  1153 |  1192 |   907 |       ||  5701
       Reflection        |       |       |    12 |    17 |    66 |    60 |       |       |       ||   155
       Buckler           |       |       |       |       |       |       |       |   486 |  1970 ||  2456
       Rpst.: Long sword |    12 |     8 |     6 |    22 |     6 |       |       |       |       ||    54
       Falchion          |       |       |    23 |    10 |       |       |       |       |       ||    33
       Demon blade       |       |       |       |       |    63 |    46 |    84 |   155 |     3 ||   351
       Scimitar          |       |       |       |       |     5 |    22 |     5 |       |       ||    32
       Double sword      |       |       |       |       |       |       |       |       |   291 ||   291
